 Dungeon Sprint DCSS version 0.27.1-3-gb3d3a73c9e (webtiles) character file.

Game seed: 14270822038223139432

13187 raph the Brawler (level 11, -21/124 HPs)
             Began as a Troll Berserker on Oct 9, 2021.
             Was an Elder of Trog.
             Killed from afar by a fire giant (40 damage)
             ... with a bolt of fire
             ... in the Dungeon (Sprint I: "Red Sonja").
             The game lasted 00:08:37 (1839 turns).

raph the Brawler (Troll Berserker)                  Turns: 1839, Time: 00:08:38

Health: -21/124    AC: 13    Str: 30    XL:     11   Next: 72%
Magic:  10/10      EV: 10    Int:  3    God:    Trog [****..]
Gold:   1456       SH:  0    Dex: 12    Spells: 10/10 levels left

rFire    . . .     SeeInvis .     - Unarmed
rCold    + . .     Faith    .   (no shield)
rNeg     + . .     Spirit   .   o - +0 shadow dragon scales
rPois    +         Reflect  .   (helmet restricted)
rElec    .         Harm     .   m - +0 cloak
rCorr    .         Rampage  .   (gloves unavailable)
Will     ++...     NoTele   +   (boots unavailable)
Stlth    ++........             (no amulet)
HPRegen  2.30/turn              n - ring "Ikhluar" {rPois rC+ rN+ Str+3}
MPRegen  0.12/turn              (no ring)

@: strong-willed, regenerating
A: large, unfitting armour, claws 3, regeneration 1, shaggy fur 1, tough skin 1
a: Renounce Religion, Berserk, Trog's Hand, Brothers in Arms


You were in the Dungeon.
You worshipped Trog.
Trog was greatly pleased with you.
You visited 1 branch You collected 1972 gold pieces.
You spent 516 gold pieces at shops.

Inventory:

Hand Weapons
 h - a +0 giant spiked club
 r - a +1 great mace
Missiles
 l - 5 curare-tipped darts
 s - 5 silver javelins (quivered)
Armour
 a - a +0 animal skin
 j - a +2 robe of willpower
 m - a +0 cloak (worn)
 o - +0 shadow dragon scales (worn)
Jewellery
 n - the ring "Ikhluar" (left claw) {rPois rC+ rN+ Str+3}
   (You found it in the Dungeon)

   [ring of poison resistance]

   Str:       It affects your strength (+3).
   rC:        It protects you from cold.
   rPois:     It protects you from poison.
   rN:        It protects you from negative energy.
Wands
 i - a wand of polymorph (10)
Potions
 b - a potion of curing
 c - 2 potions of heal wounds
 d - 2 potions of haste
 e - 2 potions of magic
 f - a potion of berserk rage
 q - a potion of might


   Skills:
 + Level 12.7 Fighting
 + Level 12.7 Dodging
 * Level 19.6 Unarmed Combat


You had 10 spell levels left.
You didn't know any spells.
Your spell library was empty.

Dungeon Overview and Level Annotations

Branches:
Dungeon (1/1)

Altars:
Cheibriados
Dithmenos
Elyvilon
Fedhas
Gozag
Hepliaklqana
Kikubaaqudgha
Makhleb
Nemelex Xobeh
Okawaru
Qazlal
Ru
Sif Muna
Trog
Uskayaw
Vehumet
Wu Jian
Xom
Yredelemnul
Zin
The Shining One
Jiyva
Lugonu

Shops:
D [*

Annotations:
D exclusion: oklob plant


Innate Abilities, Weirdness & Mutations

You are too large for most types of armour.
You have claws for hands.
Your natural rate of healing is unusually fast.
You are covered in fur. (AC +1)
You have tough skin. (AC +1)


Message History

Your troll barely misses the fire giant.
Your troll claws the fire giant.
Your troll claws the fire giant!
The fire giant points at you and mumbles some strange words.
The bolt of fire misses the fire giant.
The bolt of fire hits your troll!!!
Your troll dies!
Your troll's corpse disappears in a puff of smoke!
The bolt of fire hits you!!
You claw the fire giant!
The fire giant is heavily wounded.
You scratch the fire giant.
The fire giant is heavily wounded.
The fire giant hits you with a +0 great sword of flaming.
The fire giant burns you.
You scratch the fire giant.
The fire giant is heavily wounded.
The fire giant hits you with a +0 great sword of flaming!!
* * * LOW HITPOINT WARNING * * *
The fire giant burns you.
* * * LOW HITPOINT WARNING * * *
Your ogre goes berserk!
The fire giant closely misses you.
You swap places.
Your ogre barely misses the fire giant.
The fire giant gestures at you while chanting.
The bolt of fire hits your ogre!!!
Your ogre dies!
Your ogre's corpse disappears in a puff of smoke!
The bolt of fire hits you!!
* * * LOW HITPOINT WARNING * * *
Blink to where?
Press: ? - help, Dir - move target
As you read the scroll of blinking, it crumbles to dust.
You close the door.
Your deep troll goes berserk!
You swap places.
A fire giant opens the door.
Your ogre goes berserk!
Trog will no longer gift you weapons. The fire giant casts a spell at you.
The bolt of fire hits your deep troll!!!
The bolt of fire hits you!!!
You die...

##..§§#+*,###'#,[(##..#.§§§§#..§#
*#+####^,,*,#.##$$$#..##§§.§#)∩§#
*,,,^,*,,,**#..###$#..≈###'##...#
*,,,,,+,,,,,##.#A#$#..≈))#§####§#
***^,,*^,,,,#..###$#..≈.##§#...§#
+,*^,,***++*#.##..$#..≈##^§§^.§.§
*,*,,***,,**#..#+###.(≈#^.^§.§§..
*,*,^****,,*##.O.#P≈..##.....§.§§
*,**+*,,*,,*,###@#M≈..#....§.|§.§
*,**,*,,,,,,,,,#.###..#.......§..
+,****,,,,,,,,,#T#,+..##^..^§.§§.
*,*,,+,,,,,,####'#,##+##.........
*,*****,,,###..C.#,*≈≈≈##........
+,*$$(#####C§.####,*≈≈≈≈##.((..)#
***).....C..###,,,,*≈≈≈≈≈########
*,,(....#####,,^^****≈≈≈≈*≈≈≈≈≈*,
*,,...,**,,^^,,,,*,,*'≈≈≈'≈≈,≈≈',


You could see a fire giant (ally target), a friendly deep troll (summoned,
berserk) and a friendly ogre (summoned, berserk).

Vanquished Creatures
  A fire giant (D)
  A deep elf annihilator (D)
  A hydra (D)
  Sonja (D)
  A lindwurm (D)
  2 merfolk sirens (D)
  2 kobold demonologists (D)
  4 unseen horrors (D)
  A hellwing (D)
  A slime creature (D)
  4 hornets (D)
  Sigmund (D)
  13 hogs (D)
  A yak (D)
  2 floating eyes (D)
  An ogre (D)
  A jelly (D)
  Ijyb (D)
39 creatures vanquished.

Vanquished Creatures (collateral kills)
  A golden dragon (D)
  A shadow dragon (D)
  A fire giant (D)
  An unseen horror (D)
  4 demonic crawlers (D)
8 creatures vanquished.

Vanquished Creatures (others)
  A gargoyle (D)
1 creature vanquished.

Grand Total: 48 creatures vanquished

Notes
Turn   | Place    | Note
-------+----------+-------------------------------------------
     0 | D        | raph the Troll Berserker began the quest for the Orb.
     0 | D        | Reached XP level 1. HP: 22/22 MP: 0/0
     1 | D        | Noticed Ijyb
    14 | D        | Killed Ijyb
    15 | D        | Reached skill level 4 in Unarmed Combat
    15 | D        | Reached XP level 2. HP: 31/31 MP: 1/1
    44 | D        | Noticed an ogre
    46 | D        | Killed an ogre
    47 | D        | Reached skill level 7 in Unarmed Combat
    47 | D        | Reached XP level 3. HP: 40/40 MP: 2/2
    47 | D        | Reached XP level 4. HP: 49/49 MP: 3/3
   199 | D        | Noticed Sigmund
   212 | D        | Killed Sigmund
   212 | D        | Reached ** piety under Trog
   213 | D        | Reached skill level 5 in Fighting
   213 | D        | Reached skill level 5 in Dodging
   213 | D        | Reached skill level 9 in Unarmed Combat
   213 | D        | Reached XP level 5. HP: 54/59 MP: 4/4
   213 | D        | Reached XP level 6. HP: 62/67 MP: 5/5
   265 | D        | Found a burning altar of Makhleb.
   265 | D        | Found a viscous altar of Jiyva.
   265 | D        | Found a shimmering altar of Xom.
   265 | D        | Found a corrupted altar of Lugonu.
   265 | D        | Noticed a slime creature
   271 | D        | Killed a slime creature
   272 | D        | Reached skill level 10 in Unarmed Combat
   412 | D        | Found an ornate altar of the Wu Jian Council.
   412 | D        | Found a shimmering blue altar of Sif Muna.
   415 | D        | Found a radiant altar of Vehumet.
   599 | D        | Noticed a centaur warrior
   606 | D        | Noticed Sonja
   616 | D        | Killed Sonja
   616 | D        | Reached *** piety under Trog
   617 | D        | Reached skill level 12 in Unarmed Combat
   617 | D        | Reached XP level 7. HP: 48/79 MP: 6/6
   617 | D        | Reached XP level 8. HP: 53/88 MP: 7/7
   652 | D        | Killed a gargoyle
   678 | D        | Found Teicoar's Armour Emporium.
   678 | D        | Found an ancient bone altar of Kikubaaqudgha.
   678 | D        | Found a hazy altar of Hepliaklqana.
   678 | D        | Found a stormy altar of Qazlal.
   678 | D        | Found a hide-covered altar of Uskayaw.
   678 | D        | Found a blossoming altar of Fedhas.
   678 | D        | Found a bloodstained altar of Trog.
   678 | D        | Found an iron altar of Okawaru.
   678 | D        | Found a basalt altar of Yredelemnul.
   678 | D        | Found a glowing golden altar of the Shining One.
   678 | D        | Found a snail-covered altar of Cheibriados.
   678 | D        | Found a sacrificial altar of Ru.
   678 | D        | Found a glowing silver altar of Zin.
   678 | D        | Found a shadowy altar of Dithmenos.
   678 | D        | Found a white marble altar of Elyvilon.
   679 | D        | Found an opulent altar of Gozag.
   684 | D        | Found a sparkling altar of Nemelex Xobeh.
   688 | D        | Bought a +0 cloak for 45 gold pieces
   718 | D        | Noticed a kobold demonologist
   719 | D        | Noticed a kobold demonologist
   724 | D        | Noticed an ice devil
   725 | D        | Killed a kobold demonologist
   726 | D        | Reached skill level 13 in Unarmed Combat
   730 | D        | Paralysed by a floating eye for 2 turns
   733 | D        | Reached **** piety under Trog
   734 | D        | Killed a kobold demonologist
   787 | D        | Noticed a demonic crawler
   787 | D        | Noticed a demonic crawler
   787 | D        | Noticed a demonic crawler
   787 | D        | Noticed a demonic crawler
   790 | D        | Killed a demonic crawler
   791 | D        | Reached skill level 14 in Unarmed Combat
   791 | D        | Reached XP level 9. HP: 98/98 MP: 8/8
   792 | D        | Killed a demonic crawler
   795 | D        | Killed a demonic crawler
   797 | D        | Killed a demonic crawler
   797 | D        | Reached ***** piety under Trog
   943 | D        | Noticed a lindwurm
   949 | D        | Killed a lindwurm
   950 | D        | Reached skill level 15 in Unarmed Combat
  1005 | D        | Reached skill level 10 in Fighting
  1005 | D        | Reached skill level 10 in Dodging
  1019 | D        | Reached skill level 16 in Unarmed Combat
  1019 | D        | Reached XP level 10. HP: 111/111 MP: 9/9
  1030 | D        | Reached ****** piety under Trog
  1030 | D        | Received a gift from Trog
  1071 | D        | Noticed a daeva
  1080 | D        | Noticed a 12-headed hydra
  1084 | D        | Killed a 15-headed hydra
  1086 | D        | Reached skill level 17 in Unarmed Combat
  1170 | D        | Noticed a shadow dragon
  1171 | D        | Noticed a golden dragon
  1176 | D        | Killed a shadow dragon
  1181 | D        | Killed a golden dragon
  1181 | D        | Received a gift from Trog
  1182 | D        | Reached skill level 18 in Unarmed Combat
  1182 | D        | Reached XP level 11. HP: 65/123 MP: 10/10
  1255 | D        | Identified the ring "Ikhluar" {rPois rC+ rN+ Str+3}
  1330 | D        | Found Xam Wirra's General Store.
  1337 | D        | Bought a scroll of identify for 28 gold pieces
  1337 | D        | Bought a potion of might for 56 gold pieces
  1337 | D        | Bought a scroll of magic mapping for 49 gold pieces
  1337 | D        | Bought a potion of heal wounds for 70 gold pieces
  1337 | D        | Bought 8 silver javelins for 268 gold pieces
  1431 | D        | Noticed a deep elf annihilator
  1573 | D        | Noticed a mummy priest
  1578 | D        | Killed a deep elf annihilator
  1594 | D        | Received a gift from Trog
  1623 | D        | Reached skill level 19 in Unarmed Combat
  1648 | D        | Noticed an oklob plant
  1813 | D        | Noticed a fire giant
  1818 | D        | Noticed a fire giant
  1819 | D        | Killed a fire giant
  1819 | D        | Noticed a fire giant
  1825 | D        | Killed a fire giant
  1826 | D        | Noticed a fire giant
  1832 | D        | HP: 3/124 [fire giant/bolt of fire (26)]
  1839 | D        | Killed from afar by a fire giant

Illustrated notes

Levels and vault maps discovered:
D:        dungeon_sprint_1 [red_sonja_temple_1, red_sonja_temple_small_1]

Skill      XL: |  1  2  3  4  5  6  7  8  9 10 11 |
---------------+----------------------------------+-----
Fighting       | 3 4 5 7 9 10 11 12 | 12.7
Dodging        | 3 4 5 7 9 10 11 12 | 12.7
Unarmed Combat | 4 7 9 12 14 16 18 19 | 19.6

Action                   |  1- 3 |  4- 6 |  7- 9 | 10-12 || total
-------------------------+-------+-------+-------+-------++-------
Melee: Unarmed           |    12 |    21 |    43 |    81 ||   157
       Punch             |     1 |       |     2 |     7 ||    10
Throw: Javelin           |       |       |       |     4 ||     4
Invok: Berserk           |     2 |     4 |     3 |     5 ||    14
       Trog's Hand       |       |     1 |       |     6 ||     7
       Brothers in Arms  |       |       |     1 |     8 ||     9
  Use: Scroll            |       |       |       |     3 ||     3
       Potion            |       |       |       |     1 ||     1
Armor: Animal skin       |     1 |       |       |       ||     1
       Robe              |       |     5 |     7 |    18 ||    30
       Shadow dragon sca |       |       |       |    39 ||    39
Dodge: Dodged            |     3 |     9 |    12 |    32 ||    56
